 Dungeon Crawl Stone Soup version 0.31-a0-1178-gc5c9b8f871 (webtiles) character file.

Game seed: 14470252277526200219

156847 bmack86 the Executioner (level 17, -13/176 HPs)
             Began as a Minotaur Fighter on Dec 12, 2023.
             Was an Initiate of Gozag.
             Killed by the raging water
             ... invoked by a water nymph
              (21 damage)
             ... on level 4 of the Shoals.
             The game lasted 01:15:23 (23486 turns).

bmack86 the Executioner (Minotaur Fighter)         Turns: 23486, Time: 01:15:23

Health: -13/176    AC: 29    Str: 38    XL:     17   Next: 11%
Magic:  16/16      EV: 13    Int:  4    God:    Gozag
Gold:   8086       SH: 17    Dex: 11    Spells: 16/16 levels left

rFire   . . .        V - +5 broad axe (flame)
rCold   + + .        q - +0 tower shield
rNeg    . . .        f - +4 plate armour {rC+}
rPois   +            o - +0 hat of Kucaode {rElec}
rElec   +            j - +0 cloak {rC+}
rCorr   .            v - +2 pair of gloves
SInv    +            c - +0 pair of boots
Will    +....        K - amulet of Todghom {Acrobat Harm rPois Will- Regen+ Str+6} Stlth
                     b - ring "Trusted Companion" {rElec Will+ Str+6 SInv}
HPRegen 1.29/turn    W - ring "Sirir" {Fly Will++ EV+5 Int-3}
MPRegen 0.15/turn

%: harm (+30% outgoing, +20% incoming), acrobat
@: weak-willed, afraid, gold aura, flying, mesmerised, studying 2 skills
A: horns 2, retaliatory headbutt
a: Renounce Religion, Potion Petition, Call Merchant, Bribe Branch


You were on level 4 of the Shoals.
You worshipped Gozag.
Gozag was greatly pleased with you.
You visited 5 branches of the dungeon, and saw 27 of its levels.
You also visited: Ossuary, Gauntlet, Ice Cave and Volcano.

You collected 9755 gold pieces.
You spent 1588 gold pieces at shops.
You paid 81 gold pieces to Gozag.

Inventory:

Hand Weapons
 g - a +0 broad axe
 V - a +5 broad axe of flaming (weapon)
Missiles
 y - 5 throwing nets
 A - 47 boomerangs
 U - 6 silver javelins
Armour
 a - a +3 plate armour of fire resistance
 c - a +0 pair of boots (worn)
 f - a +4 plate armour of cold resistance (worn)
 j - a +0 cloak of cold resistance (worn)
 o - the +0 hat of Kucaode (worn) {rElec}
   (You found it in a Gauntlet)

   rElec:     It insulates you from electricity.
 q - a +0 tower shield (worn)
 v - a +2 pair of gloves (worn)
Jewellery
 b - the ring "Trusted Companion" (left hand) {rElec Will+ Str+6 SInv}
   (You found it in a Gauntlet)

   [ring of strength]

   Str+6:     It affects your strength (+6).
   rElec:     It insulates you from electricity.
   Will+:     It increases your willpower.
   SInv:      It lets you see invisible.
 u - an amulet of reflection
 G - the ring of Curiosity {Fly rElec Dex+6}
   (You found it in a Gauntlet)

   [ring of dexterity]

   Dex+6:     It affects your dexterity (+6).
   rElec:     It insulates you from electricity.
   Fly:       It grants you flight.
 I - the ring of Xom's Flight of Fancy {rElec MP+9 Str+4 SInv}
   (You found it on level 9 of the Dungeon)

   [ring of see invisible]

   Str+4:     It affects your strength (+4).
   rElec:     It insulates you from electricity.
   MP+9:      It affects your magic capacity (+9).
   SInv:      It lets you see invisible.
 K - the amulet of Todghom (around neck) {Acrobat Harm rPois Will- Regen+ Str+6}
   (You found it on level 10 of the Dungeon)

   [amulet of the acrobat]

   Acrobat:   It increases your evasion while moving and waiting.
   Str+6:     It affects your strength (+6).
   rPois:     It protects you from poison Will-: It decreases your willpower.
   Regen+:    It increases your rate of health regeneration.
   Harm:      It increases damage dealt and taken.
 S - the ring of Itteho {*Slow Will++ Str-4 Int+6 Slay+3 SInv}
   (You found it on level 14 of the Dungeon)

   [ring of intelligence]

   Str-4:     It affects your strength (-4).
   Int+6:     It affects your intelligence (+6).
   Slay+3:    It affects your accuracy & damage with ranged weapons and melee
   (+3).
   Will++:    It greatly increases your willpower.
   SInv:      It lets you see invisible.
   *Slow:     It may slow you when you take damage.
 W - the ring "Sirir" (right hand) {Fly Will++ EV+5 Int-3}
   (You found it on level 14 of the Dungeon)

   [ring of evasion]

   EV+5:      It affects your evasion (+5).
   Int-3:     It affects your intelligence (-3).
   Will++:    It greatly increases your willpower.
   Fly:       It grants you flight.
 Y - the ring of Plog {rElec rCorr MP+9 Dex+2}
   (You found it in a Gauntlet)

   [ring of resist corrosion]

   Dex+2:     It affects your dexterity (+2).
   rElec:     It insulates you from electricity.
   MP+9:      It affects your magic capacity (+9).
   rCorr:     It protects you from acid and corrosion.
Wands
 m - a wand of polymorph (27) (quivered)
 n - a wand of light (12)
 p - a wand of digging (12)
 w - a wand of flame (37)
 L - a wand of roots (6)
 T - a wand of paralysis (7)
Scrolls
 h - 12 scrolls of teleportation
 i - a scroll of poison
 x - a scroll of revelation
 E - 3 scrolls of fear
 H - a scroll of summoning
 J - 2 scrolls of fog
 R - a scroll of blinking
 X - a scroll of identify
Potions
 d - 3 potions of might
 e - 8 potions of curing
 k - 4 potions of enlightenment
 l - 3 potions of lignification
 r - 8 potions of mutation
 s - 3 potions of magic
 t - 12 potions of invisibility
 z - a potion of ambrosia
 B - 3 potions of brilliance
 C - 3 potions of cancellation
 F - 3 potions of haste
 N - 2 potions of berserk rage


   Skills:
 + Level 22.1 Fighting
 - Level 23.2 Axes
 - Level 18.0 Armour
 * Level 14.6 Shields
 + Level 1.3 Evocations


You had 16 spell levels left.
You didn't know any spells.
Your spell library contained the following spells:

 Spells                   Type           Power      Damage    Failure   Level
 Apportation              Tloc           0%         N/A       98%         1
 Freeze                   Ice            0%         1d3       98%         1
 Necrotise                Necr           0%         1d4       98%         1
 Sandblast                Erth           0%         2d4       98%         1
 Blink                    Tloc           0%         N/A       99%         2
 Ensorcelled Hibernation  Hex/Ice        0%         N/A       99%         2
 Jinxbite                 Hex            0%         N/A       99%         2
 Passwall                 Tmut/Erth      0%         N/A       99%         2
 Poisonous Vapours        Pois/Air       0%         N/A       99%         2
 Frozen Ramparts          Ice            0%         1d1       100%        3
 Hailstorm                Conj/Ice       0%         3d5       100%        3
 Mephitic Cloud           Conj/Pois/Air  0%         N/A       100%        3
 Stone Arrow              Conj/Erth      0%         3d7       100%        3
 Tukima's Dance           Hex            0%         N/A       100%        3
 Vampiric Draining        Necr           0%         2d6       100%        3
 Volatile Blastmotes      Fire/Tloc      0%         2d10      100%        3
 Anguish                  Hex/Necr       0%         N/A       100%        4
 Brom's Barrelling Bould  Conj/Erth      0%         2d3       100%        4
 Fulminant Prism          Conj/Hex       0%         3d5       100%        4
 Iskenderun's Mystic Bla  Conj/Tloc      0%         2d3       100%        4
 Leda's Liquefaction      Hex/Erth       0%         N/A       100%        4
 Manifold Assault         Tloc           0%         N/A       100%        4
 Olgreb's Toxic Radiance  Pois           0%         N/A       100%        4
 Petrify                  Tmut/Erth      0%         N/A       100%        4
 Summon Ice Beast         Ice/Summ       0%         N/A       100%        4
 Agony                    Necr           0%         N/A       100%        5
 Alistair's Intoxication  Tmut/Pois      0%         N/A       100%        5
 Borgnjor's Vile Clutch   Necr/Erth      0%         N/A       100%        5
 Freezing Cloud           Conj/Ice/Air   0%         6-21      100%        5
 Lee's Rapid Deconstruct  Erth           0%         3d4*      100%        5
 Metabolic Englaciation   Hex/Ice        0%         N/A       100%        5
 Bombard                  Conj/Erth      0%         9d1       100%        6
 Death Channel            Necr           0%         N/A       100%        6
 Eringya's Noxious Bog    Tmut/Pois      0%         4d6       100%        6
 Animate Dead             Necr           Unusable   N/A       N/A         4
 Simulacrum               Ice/Necr       Unusable   N/A       N/A         6

Dungeon Overview and Level Annotations

Branches:
Dungeon (15/15)            Temple (1/1) D:7            Lair (5/5) D:11
 Shoals (4/4) Lair:3       Spider (0/4) Lair:2        Slime (0/5) Lair:4
    Orc (2/2) D:10            Elf (0/3) Orc:2        Vaults (0/5) D:14
 Depths (0/4) D:15        Ossuary (visited)           IceCv (visited)
Volcano (visited)         Gauntlet (visited)

Altars:
Ashenzari
Cheibriados
Dithmenos
Elyvilon
Fedhas
Gozag
Hepliaklqana
Kikubaaqudgha
Makhleb
Nemelex Xobeh
Okawaru
Qazlal
Ru
Sif Muna
Trog
Uskayaw
Vehumet
Wu Jian
Xom
Yredelemnul
Zin
The Shining One
Jiyva

Shops:
D:1 :   D:5 ((?*=   Orc:2 =*[?(   Shoals:1 :   Shoals:2 :

Portals:
Hell: Lair:5

Annotations:
D:9 exclusion: statue


Innate Abilities, Weirdness & Mutations

You have a pair of horns on your head.
You reflexively headbutt those who attack you in melee.


Message History

The satyr shoots an arrow.
The arrow barely misses you.
The arrow hits the water nymph!!
The merfolk avatar chants its luring song.
The faun is distracted by your dazzling golden aura.
A faun comes into view. It is wielding a +0 spear.
The water nymph touches you. The water nymph drowns you!
A faun comes into view. It is wielding a +0 spear.
The satyr plays a lulling melody on its pipes!
You fall asleep.
The faun shouts!
You hear a screech!
The merfolk siren chants its luring song.
The merfolk avatar chants its luring song.
The faun shoots a sling bullet.
The sling bullet hits you but does no damage.
The merfolk avatar chants its luring song.
The satyr shoots an arrow.
The arrow hits you but does no damage.
The satyr hits you from afar with a +0 spear!!!
You wake up.
You block the water nymph's attack.
The satyr unwields a +1 heavy quarterstaff.
The satyr wields a +0 longbow.
The satyr shoots an arrow.
The arrow hits you!!
* * * LOW HITPOINT WARNING * * *
The faun shouts!
You hear a screech!
You slash the satyr! You burn the satyr!
The satyr is severely wounded.
You hit the water nymph but do no damage.
You hit the harpy but do no damage. The harpy barely misses you.
You furiously retaliate!
You headbutt the harpy! The harpy misses you. You block the harpy's attack.
The harpy closely misses you.
The merfolk siren chants its luring song.
The satyr shoots an arrow.
The arrow hits you!
* * * LOW HITPOINT WARNING * * *
The merfolk avatar chants its luring song. x2
The faun shoots a sling bullet.
The sling bullet hits you.
* * * LOW HITPOINT WARNING * * *
The satyr plays a frightful melody on its pipes!
The satyr radiates an aura of fear!
The water nymph gestures at you while chanting.
The water rises up and strikes you!!
You die...
Your body crumbles into a pile of gold. .##.c.##.###.. ...........#. ..~.# ..cc.~....... .H...# .......c..#. c.c..# #ccc

.m..#~ .....#
###~mc##..##. #..~.
.~..~m.cc##~. ...
.....cH@~~#..#.##
....~..~mc###...#
.#.8.~#~cH#$#$#.....#
#....#.~~$.$H#
..~.#.. ~~#..
#.......# ##.##.# ~
#.~ #...~...# #.....
#. ##c.###$###.##.#
#. ##..~.#.##..#..#
#.......#...#..#


You could see 2 merfolk avatars, a minotaur, 5 satyrs, 8 fauns, a merfolk siren
(mesmerising), a water nymph and a harpy.

Vanquished Creatures
  Polyphemus (Shoals:2)
  A storm dragon (D:14)
  Ilsuiw (Shoals:3)
  Kirke (D:13)
  2 orc warlords (Orc:2)
  The ghost of osoart the Basher, a journeyman MiHu of Yredelemnul (Orc:2)
  A dire elephant (D:15)
  Azrael (D:15)
  A minotaur (Gauntlet)
  4 merfolk impalers
  An ettin (Orc:2)
  Snorg (D:13)
  A merfolk javelineer (Shoals:3)
  Josephine (Shoals:1)
  2 yaktaur captains (D:14)
  Erolcha (Orc:1)
  5 hydras
  2 merfolk avatars
  A death knight (D:15)
  A merfolk aquamancer (Shoals:4)
  3 alligator snapping turtles
  An ogre mage (D:15)
  2 catoblepae
  8 centaur warriors
  11 two-headed ogres
  5 boulder beetles
  2 death scarabs (Gauntlet)
  4 satyrs
  3 deep troll earth magi (D:14)
  A tengu warrior (D:15)
  3 orc high priests (Orc:2)
  10 death yaks
  Urug (D:12)
  A hell knight (Volcano)
  A sixfirhy (Lair:5)
  7 sea snakes
  A skeletal warrior (D:14)
  5 skysharks
  A spectral hydra (Gauntlet)
  A deep troll (shapeshifter) (D:14)
  A phantasmal warrior (D:14)
  4 orc knights
  A necromancer (IceCv)
  An arcanist (Lair:5)
  4 orc sorcerers (Orc:2)
  A harpy (Shoals:4)
  2 wolf spiders
  A salamander (D:15)
  Maurice (D:8)
  20 ugly things
  8 fauns
  8 cyclopes
  13 manticores
  2 large abominations (Gauntlet)
  A kobold blastminer (Orc:1)
  6 black mambas
  15 elephants
  2 water nymphs
  An ice statue (IceCv)
  7 merfolk sirens
  2 molten gargoyles (Volcano)
  2 gargoyles
  9 cane toads
  5 orange demons (Lair:5)
  Joseph (D:8)
  A torpor snail (Lair:5)
  Maggie (D:8)
  2 unseen horrors
  12 komodo dragons
  6 rime drakes (Lair:5)
  3 anaconda simulacra (IceCv)
  3 kobold demonologists
  2 freezing wraiths
  A tengu conjurer (D:15)
  11 ice devils (IceCv)
  A red devil (Lair:5)
  3 meliai (D:15)
  A hornet (D:8)
  A tyrant leech (Gauntlet)
  2 trolls
  18 merfolk
  A hellwing (Lair:5)
  A polar bear (Lair:1)
  3 wind drakes
  A polar bear (shapeshifter) (D:14)
  7 snapping turtles
  19 blink frogs
  16 dream sheep
  15 slime creatures
  A centaur simulacrum (D:14)
  2 shadows
  A vampire (D:11)
  6 water elementals
  2 fire bats (Volcano)
  6 hogs (D:13)
  7 wraiths
  2 fire elementals (D:15)
  2 redbacks (Lair:2)
  9 basilisks
  24 yaks
  3 steam dragons
  14 vampire mosquitoes
  Menkaure (D:5)
  9 death yak simulacra (IceCv)
  2 swamp worms (Gauntlet)
  A warg (Orc:2)
  3 harpy simulacra (IceCv)
  15 water moccasins
  2 acid dragons (D:14)
  2 hydra simulacra (IceCv)
  8 hell hounds
  A spectral torpor snail (Gauntlet)
  2 ice beasts (D:5)
  3 sky beasts
  6 ogres
  28 orc warriors
  2 black bears
  5 small abominations (Gauntlet)
  5 wolves (Lair:4)
  17 centaurs
  2 phantoms
  7 kobold brigands
  A gnoll sergeant (D:8)
  12 bullfrogs
  2 cane toad simulacra (IceCv)
  3 scorpions
  3 wights (D:9)
  4 elephant simulacra (IceCv)
  14 howler monkeys
  5 lava snakes (Volcano)
  4 jellies
  3 gnoll boudas
  4 hounds
  28 orc priests
  4 iguanas
  A sleepcap (D:6)
  29 orc wizards
  A troll simulacrum (IceCv)
  2 spriggan simulacra (IceCv)
  2 polar bear simulacra (IceCv)
  3 wolf simulacra (IceCv)
  8 mummies (Ossuary)
  16 gnolls
  5 adders
  2 naga simulacra (IceCv)
  2 white imps
  6 ufetubi
  7 worms
  4 dart slugs
  76 orcs
  7 endoplasms
  A giant cockroach (D:4)
  3 gnoll zombies (Ossuary)
  8 goblins
  7 hobgoblins
  2 jackals (D:1)
  2 quokkas
  8 ball pythons
  6 bats
  3 frilled lizards
  2 hobgoblin zombies (Ossuary)
  29 kobolds
  A kobold zombie (Ossuary)
  2 orc zombies (Ossuary)
  2 rats
884 creatures vanquished.

Vanquished Creatures (others)
  A harpy (Shoals:4)
  A merfolk (Shoals:3)
  A boggart (D:14)
3 creatures vanquished.

Grand Total: 887 creatures vanquished

Notes
Turn   | Place    | Note
-------+----------+-------------------------------------------
     0 | D:1      | bmack86 the Minotaur Fighter began the quest for the Orb.
     0 | D:1      | Reached XP level 1. HP: 19/19 MP: 0/0
   374 | D:1      | Found Sanlun's Vocational Training.
   406 | D:1      | Reached XP level 2. HP: 25/26 MP: 1/1
   953 | D:2      | Reached skill level 3 in Axes
   956 | D:2      | Reached XP level 3. HP: 20/31 MP: 2/2
  1055 | D:2      | Reached skill level 5 in Shields
  1469 | D:3      | Reached skill level 4 in Axes
  1469 | D:3      | Reached XP level 4. HP: 39/39 MP: 3/3
  2332 | D:4      | Noticed a phantom
  2341 | D:4      | Reached skill level 5 in Axes
  2344 | D:4      | Killed a phantom
  2345 | D:4      | Reached skill level 6 in Axes
  2345 | D:4      | Reached XP level 5. HP: 25/45 MP: 4/4
  2504 | D:4      | Reached XP level 6. HP: 39/51 MP: 5/5
  2760 | D:5      | Entered Level 5 of the Dungeon
  2760 | D:5      | Found Viatsen's Jewellery Shoppe.
  2769 | D:5      | Reached skill level 7 in Axes
  2908 | D:5      | Found Mecvopn's Magic Scroll Emporium.
  2909 | D:5      | Found an opulent altar of Gozag.
  2932 | D:5      | Reached skill level 8 in Axes
  2939 | D:5      | Became a worshipper of Gozag Ym Sagoz the Greedy
  2966 | D:5      | Bought 2 scrolls of identify for 44 gold pieces
  2966 | D:5      | Bought a scroll of enchant armour for 82 gold pieces
  2966 | D:5      | Bought a scroll of identify for 22 gold pieces
  3088 | D:5      | Found Otiutes's Antique Weapon Shoppe.
  3092 | D:5      | Noticed an ice beast
  3096 | D:5      | Found a sacrificial altar of Ru.
  3100 | D:5      | Killed an ice beast
  3101 | D:5      | Reached XP level 7. HP: 57/57 MP: 6/6
  3112 | D:5      | Found a hazy altar of Hepliaklqana.
  3112 | D:5      | Found a sparkling altar of Nemelex Xobeh.
  3146 | D:5      | Found Sajib's Antique Weapon Shop.
  3157 | D:5      | Reached skill level 9 in Axes
  3190 | D:5      | Reached skill level 10 in Axes
  3421 | D:5      | Found Qimouvon's Assorted Antiques.
  3462 | D:5      | Noticed Menkaure
  3465 | D:5      | Killed Menkaure
  3466 | D:5      | Reached skill level 11 in Axes
  3466 | D:5      | Reached XP level 8. HP: 64/64 MP: 7/7
  3493 | D:5      | Found a shadowy altar of Dithmenos.
  3935 | D:6      | Reached skill level 12 in Axes
  4073 | D:6      | Reached skill level 13 in Axes
  4619 | D:7      | Reached XP level 9. HP: 52/70 MP: 8/8
  4627 | D:7      | Reached skill level 14 in Axes
  5087 | D:7      | Reached skill level 15 in Axes
  5137 | D:7      | Found a staircase to the Ecumenical Temple.
  5208 | Temple   | Entered the Ecumenical Temple
  5564 | D:8      | Found a sand-covered staircase.
  5569 | Ossuary  | Entered an ossuary
  6105 | D:8      | Noticed Maggie
  6107 | D:8      | Reached skill level 16 in Axes
  6120 | D:8      | Killed Maggie
  6215 | D:8      | Noticed Joseph
  6226 | D:8      | Killed Joseph
  6227 | D:8      | Reached XP level 10. HP: 73/77 MP: 9/9
  6324 | D:8      | Noticed an orange demon
  6326 | D:8      | Reached skill level 17 in Axes
  6378 | D:8      | Paralysed by a hornet for 2 turns
  6442 | D:8      | Noticed Maurice
  6499 | D:9      | Noticed a two-headed ogre
  6504 | D:9      | Killed a two-headed ogre
  6583 | D:9      | Reached skill level 18 in Axes
  6640 | D:9      | Identified the ring of Xom's Flight of Fancy {rElec MP+9
                  | Str+4 SInv}
  7090 | D:9      | Found an ancient bone altar of Kikubaaqudgha.
  7177 | D:9      | Found a radiant altar of Vehumet.
  7270 | D:9      | Found an iron altar of Okawaru.
  7415 | D:10     | Entered Level 10 of the Dungeon
  7418 | D:10     | Noticed a centaur warrior
  7428 | D:10     | Killed a centaur warrior
  7429 | D:10     | Reached skill level 5 in Armour
  7433 | D:10     | Noticed a manticore
  7449 | D:10     | Killed a manticore
  7483 | D:10     | Found a staircase to the Orcish Mines.
  7548 | D:10     | Noticed a two-headed ogre
  7558 | D:10     | Killed a two-headed ogre
  7559 | D:10     | Reached XP level 11. HP: 81/92 MP: 10/10
  7592 | D:10     | Noticed a two-headed ogre
  7604 | D:10     | Killed a two-headed ogre
  7792 | D:10     | Identified the amulet of Todghom {Acrobat Harm rPois Will-
                  | Regen+ Str+6}
  8026 | D:8      | Maurice stole an amulet of regeneration
  8027 | D:8      | Killed Maurice
  8686 | D:11     | Found a staircase to the Lair.
  8783 | D:11     | Reached skill level 10 in Fighting
  9244 | D:12     | Noticed a two-headed ogre
  9251 | D:12     | Killed a two-headed ogre
  9321 | D:12     | Found a shimmering blue altar of Sif Muna.
  9592 | D:12     | Identified a scroll of acquirement
  9592 | D:12     | Acquired a manual of Axes
  9608 | D:12     | Noticed Urug
  9622 | D:12     | Killed Urug
  9851 | D:13     | Noticed Snorg
  9852 | D:13     | Noticed a two-headed ogre
  9867 | Lair:1   | Entered Level 1 of the Lair of Beasts
  9927 | Lair:1   | Reached XP level 12. HP: 102/109 MP: 11/11
 10700 | Lair:2   | Noticed a boulder beetle
 10717 | Lair:2   | Killed a boulder beetle
 10848 | Lair:2   | Found a hole to the Spider Nest.
 10985 | Lair:2   | Reached skill level 19 in Axes
 10985 | Lair:2   | Reached skill level 10 in Armour
 11477 | Lair:3   | Found a gate leading to a gauntlet.
 11488 | Gauntlet | Entered a Gauntlet
 11488 | Gauntlet | Found a transporter.
 11488 | Gauntlet | Found a transporter.
 11489 | Gauntlet | Found a transporter.
 11489 | Gauntlet | Found a transporter.
 11492 | Gauntlet | Found a transporter.
 11492 | Gauntlet | Found a transporter.
 11523 | Gauntlet | Found a transporter.
 11527 | Gauntlet | Found a transporter.
 11529 | Gauntlet | Noticed a death scarab
 11537 | Gauntlet | Noticed a death scarab
 11543 | Gauntlet | Found a transporter.
 11550 | Gauntlet | Found a transporter.
 11573 | Gauntlet | Noticed a minotaur
 11590 | Gauntlet | Found a transporter.
 11594 | Gauntlet | Found a transporter.
 11693 | Gauntlet | Identified the ring of Cykhis {Fire SInv}
 11720 | Gauntlet | Identified the ring of Plog {rElec rCorr MP+9 Dex+2}
 11762 | Gauntlet | Killed a death scarab
 11763 | Gauntlet | Killed a death scarab
 11780 | Gauntlet | Identified the ring "Trusted Companion" {rElec Will+ Str+6
                  | SInv}
 11807 | Gauntlet | Killed a minotaur
 11808 | Gauntlet | Found the +7 staff of the Meek {protect, meekguard}
 11818 | Gauntlet | Identified the +0 hat of Kucaode {rElec}
 11832 | Gauntlet | Identified the ring of Curiosity {Fly rElec Dex+6}
 11847 | Lair:3   | Found a staircase to the Shoals.
 11926 | Lair:3   | Reached XP level 13. HP: 93/125 MP: 12/12
 12089 | Lair:3   | Reached skill level 20 in Axes
 12576 | Lair:4   | Reached skill level 15 in Fighting
 12664 | Lair:4   | Found a dark tunnel.
 12673 | Volcano  | Entered a volcano
 13115 | Volcano  | Found a burning altar of Makhleb.
 13638 | Lair:4   | Found a staircase to the Slime Pits.
 13638 | Lair:4   | Found a viscous altar of Jiyva.
 13957 | Lair:4   | Identified the +0 leather armour of Eblot {*Corrode Slay+5
                  | SInv}
 14215 | Lair:5   | Entered Level 5 of the Lair of Beasts
 14238 | Lair:5   | Reached skill level 21 in Axes
 14240 | Lair:5   | Found a frozen archway.
 14265 | IceCv    | Entered an ice cave
 14576 | IceCv    | Found an ancient bone altar of Kikubaaqudgha.
 14659 | IceCv    | Got the Exposition on Congelation
 14748 | IceCv    | Reached XP level 14. HP: 140/140 MP: 13/13
 15063 | Lair:5   | Reached skill level 22 in Axes
 15101 | Lair:5   | Got Naikor's Teachings on the Hornet and the Wyrd
 15825 | Lair:5   | Found a burning altar of Makhleb.
 15841 | Lair:5   | Found a gateway to Hell.
 16118 | Orc:1    | Entered Level 1 of the Orcish Mines
 16118 | Orc:1    | Noticed Erolcha
 16131 | Orc:1    | Killed Erolcha
 16375 | Orc:2    | Entered Level 2 of the Orcish Mines
 16748 | Orc:2    | Found a transporter.
 16751 | Orc:2    | Noticed osoart's ghost (journeyman MiHu)
 16751 | Orc:2    | Identified the +5 great mace of Spontaneous Combustion
                  | {venom, Int+4}
 16752 | Orc:2    | Found a transporter.
 16755 | Orc:2    | Found a staircase to the Elven Halls.
 16810 | Orc:2    | Noticed an orc warlord
 16822 | Orc:2    | Killed an orc warlord
 16823 | Orc:2    | Found Vohidd's Magic Scroll Boutique.
 16880 | Orc:2    | Bought a scroll of blinking for 112 gold pieces
 17089 | Orc:2    | Reached XP level 15. HP: 140/152 MP: 14/14
 17569 | Orc:2    | Found Peogasoo's General Store.
 17570 | Orc:2    | Found Aqeor's Jewellery Shop.
 17572 | Orc:2    | Found Bafis's Antique Armour Boutique.
 17572 | Orc:2    | Found Ylengag's Antique Weapon Boutique.
 17587 | Orc:2    | Bought a wand of flame (16) for 145 gold pieces
 17587 | Orc:2    | Bought a potion of invisibility for 104 gold pieces
 17587 | Orc:2    | Bought a potion of curing for 39 gold pieces
 17668 | Orc:2    | Reached skill level 23 in Axes
 17669 | Orc:2    | Killed osoart's ghost
 18098 | D:13     | Noticed Kirke
 18210 | D:13     | Killed Kirke
 18377 | D:13     | Killed Snorg
 18466 | D:13     | You fall into a shaft and drop 2 floors!
 18466 | D:15     | Entered Level 15 of the Dungeon
 18599 | D:15     | Reached skill level 15 in Armour
 18720 | D:15     | Noticed Azrael
 18736 | D:15     | Killed Azrael
 19034 | D:15     | Identified the amulet "Qaucyev" {Spirit +Inv rN+ Str+8
                  | Int-5}
 19372 | D:15     | Found a sacrificial altar of Ru.
 19420 | D:15     | Found a staircase to the Depths.
 19832 | D:14     | Found a transporter.
 19965 | D:14     | Found a transporter.
 19974 | D:14     | Reached XP level 16. HP: 148/165 MP: 15/15
 19995 | D:14     | Found a gate to the Vaults.
 20355 | D:14     | Identified the +4 quarterstaff of the King {pain, *Rage
                  | rElec rPois rC+}
 20508 | D:14     | Noticed a storm dragon
 20543 | D:14     | Killed a storm dragon
 20662 | D:14     | Identified the +11 shortbow "Hithadyi" {drain, rCorr}
 20668 | D:14     | Identified the ring of Itteho {*Slow Will++ Str-4 Int+6
                  | Slay+3 SInv}
 20680 | D:14     | Identified the ring "Sirir" {Fly Will++ EV+5 Int-3}
 21094 | Shoals:1 | Entered Level 1 of the Shoals
 21233 | Shoals:1 | Found Cuxku's Self-Improvement Boutique.
 21245 | Shoals:1 | Bought a manual of Shields for 1040 gold pieces
 21340 | Shoals:1 | Noticed Josephine
 21351 | Shoals:1 | Killed Josephine
 21355 | Shoals:1 | Reached skill level 10 in Shields
 21497 | Shoals:1 | Identified the serpent talisman "Ummihuwo" {SInv}
 21875 | Shoals:1 | Identified the +5 scimitar of Ogyhym Enwin {freeze, rElec
                  | rPois Will+ Str-5}
 22201 | Shoals:2 | Noticed Polyphemus
 22232 | Shoals:2 | Killed Polyphemus
 22553 | Shoals:2 | Found Ocvo's Book Shop.
 23003 | Shoals:4 | Entered Level 4 of the Shoals
 23119 | Shoals:3 | Noticed Ilsuiw
 23145 | Shoals:3 | Killed Ilsuiw
 23153 | Shoals:3 | Reached XP level 17. HP: 43/176 MP: 16/16
 23432 | Shoals:4 | Reached skill level 1 in Evocations
 23486 | Shoals:4 | HP: 8/176 [faun/sling bullet (4)]
 23486 | Shoals:4 | Killed from afar by a water nymph

Illustrated notes

Levels and vault maps discovered:
D:1:      lightli_molten_gateway, layout_basic, corexii_item_surrounded_by_moat,
          roderic_malta_cross, wad_floor_pattern_1, nicolae_shop_vocational
D:2:      layout_rooms
D:3:      layout_basic, grunt_ministairs_9
D:4:      layout_rooms
D:5:      layout_basic, overflow_temple_1_default,
          gammafunk_temple_overflow_forgotten, kennysheep_mini, serial_shops,
          shop, nicolae_shop_hallway_plus, nicolae_stop_n_shop_1, shop, shop,
          uniq_menkaure
D:6:      layout_basic
D:7:      layout_gridville, minmay_temple_entry_waves
D:8:      layout_gridville, nicolae_ossuary_entry_plus, uniq_maggie,
          uniq_maurice, uniq_joseph
D:9:      layout_grid_maze, kennysheep_okawaru_gauntlet, vehumet_statue,
          mainiacjoe_overflow_cross_hatched
D:10:     layout_cave_pools, orc_0_dummy
D:11:     layout_loops_corners, lair_entry_dummy
D:12:     layout_gridville, minmay_misc_feat_rows, led_sif_pool, uniq_urug
D:13:     layout_basic, uniq_snorg, uniq_kirke
D:14:     gammafunk_dig_for_victory, layout_irregular_city, chequers_avenue,
          kennysheep_generic_room_14
D:15:     hangedman_depths_entry_try_elsewhere_first, layout_long_grid,
          serial_co_window_serial, co_window_of_opportunity_a,
          co_window_paths_a, co_window_of_opportunity_a, co_window_paths_a,
          co_window_corner_a, co_window_corner_cb, co_window_unsneaky_path_b,
          co_window_broadway_b, co_window_broadway_a, glass_columns_a,
          glass_columns_b, hangedman_ru_absence, uniq_azrael
Temple:   minmay_temple_curvy_branch
Lair:1:   layout_cave_pods, infiniplex_staircase_pool
Lair:2:   layout_hall_layers, spider_nest_entry_webs,
          infiniplex_staircase_pool_2
Lair:3:   layout_regular_city, minmay_shoals_entry_centaurs,
          gauntlet_entry_generic, grunt_megastairs_2
Lair:4:   layout_misc_corridors, minmay_slime_entry_pillars,
          nicolae_volcano_entry_s_turn, minivault_24, grunt_megastairs_5
Lair:5:   evil_forest, layout_layer_cave, portal_ice_cave_entry_pillars_2,
          grunt_megastairs_1
Shoals:1: layout_shoals, nicolae_shop_self_help, uniq_josephine
Shoals:2: layout_shoals, serial_shops, shop, uniq_polyphemus
Shoals:3: layout_shoals, uniq_ilsuiw
Shoals:4: shoals_end_hellmonk_lost_city, serial_shops
Orc:1:    layout_caves, uniq_erolcha
Orc:2:    st_orc_congregation, layout_diamond_mine, gammafunk_ghost_smash,
          serial_shops, shop

Skill      XL: |  1  2  3  4  5  6  7  8  9 10 11 12 13 14 15 16 17 |
---------------+----------------------------------------------------+-----
Shields        | 4 5 8 13 14 | 14.6
Axes           | 3 4 6 8 11 13 16 18 19 21 22 23 | 23.2
Fighting       | 7 12 14 17 19 20 22 | 22.1
Armour         | 5 9 11 12 14 16 18 | 18.0
Evocations     | 1 |  1.3

Action                     |  1- 3 |  4- 6 |  7- 9 | 10-12 | 13-15 | 16-18 || total
---------------------------+-------+-------+-------+-------+-------+-------++-------
  Melee: War axe           |    73 |   106 |   244 |   332 |    42 |       ||   797
         Headbutt          |    10 |    14 |    49 |    69 |   120 |    71 ||   333
         Broad axe         |       |       |       |       |   572 |   299 ||   871
  Throw: Javelin           |       |       |       |       |     7 |     3 ||    10
  Evoke: Wand              |       |       |       |    14 |     5 |    15 ||    34
    Use: Scroll            |     2 |    12 |     7 |    13 |     8 |       ||    42
         Potion            |       |     2 |     1 |     3 |     6 |     5 ||    17
   Stab: Distracted        |       |     1 |       |     2 |     5 |     3 ||    11
         Invisible         |       |       |       |     1 |       |       ||     1
         Petrifying        |       |       |       |       |       |     1 ||     1
 Armour: Scale mail        |    42 |       |       |       |       |       ||    42
         Chain mail        |    31 |   117 |   180 |   236 |   148 |       ||   712
         Plate armour      |       |       |       |       |   386 |   299 ||   685
  Dodge: Dodged            |    50 |    47 |   148 |   286 |   357 |   270 ||  1158
  Block: Buckler           |    32 |    23 |    40 |    66 |   142 |    29 ||   332
         Kite shield       |       |       |       |       |       |   137 ||   137
         Tower shield      |       |       |       |       |       |    59 ||    59

Table legend: (Time is in decaauts)
 A = Elapsed time spent in this place.
 B = Non-inter-level travel time spent in this place.
 C = Inter-level travel time spent in this place.
 D = Time resting spent in this place.
 E = Time spent auto-exploring this place.
 F = Levels seen in this place.
 G = Mean time per level.
                   A        B        C        D        E       F      G
               +--------+--------+--------+--------+--------+-----+--------+
         Total |  23190 |  22085 |   1105 |    877 |  13722 |  31 |  748.1 |
       Dungeon |  12813 |  12180 |    633 |    275 |   8393 |  15 |  854.2 |
        Temple |      1 |      1 |      0 |      0 |      0 |   1 |    1.0 |
          Lair |   4373 |   4053 |    320 |      6 |   2834 |   5 |  874.6 |
        Shoals |   2335 |   2260 |     75 |    247 |   1231 |   4 |  583.8 |
  Orcish Mines |   1661 |   1585 |     76 |    121 |    783 |   2 |  830.5 |
       Ossuary |    232 |    232 |      0 |      0 |      0 |   1 |  232.0 |
      Ice Cave |    589 |    589 |      0 |     43 |    299 |   1 |  589.0 |
       Volcano |    832 |    832 |      0 |    185 |    182 |   1 |  832.0 |
      Gauntlet |    350 |    350 |      0 |      0 |      0 |   1 |  350.0 |
               +--------+--------+--------+--------+--------+-----+--------+

Top non-repeatable levels by time:
   Orc:2: 1221 daAuts
    D:15: 1190 daAuts
    D:14: 1116 daAuts
  Lair:5: 1083 daAuts
    D:11: 1048 daAuts
Shoals:1: 1028 daAuts
     D:9: 953 daAuts
     D:1: 945 daAuts
     D:6: 944 daAuts
     D:7: 927 daAuts
  Lair:1: 892 daAuts
     D:8: 877 daAuts
     D:5: 870 daAuts
    D:12: 864 daAuts
 Volcano: 832 daAuts
